 Dungeon Crawl Stone Soup version 0.30.0-10-gfe55d96785 (webtiles) character file.

Game seed: 7109636591141267919

4 CaptainMV the Firebug (level 1, 0/13 HPs)
             Began as a Demonspawn Fire Elementalist on May 15, 2023.
             Slain by a quokka (3 damage)
             ... on level 1 of the Dungeon.
             The game lasted 00:02:00 (209 turns).

CaptainMV the Firebug (Demonspawn Fire Elementalist) Turns: 209, Time: 00:02:01

Health: 0/13       AC:  2    Str:  8    XL:     1   Next: 58%
Magic:  3/3        EV: 12    Int: 16    God:
Gold:   39         SH:  0    Dex: 13    Spells: 3/4 levels left

rFire   . . .        (no weapon)
rCold   . . .        (no shield)
rNeg    . . .        a - +0 robe
rPois   .            (no helmet)
rElec   .            (no cloak)
rCorr   .            (no gloves)
SInv    .            (no boots)
Will    .....        (no amulet)
Stlth   ++           (no ring)
HPRegen 0.22/turn    (no ring)
MPRegen 0.08/turn

%: no passive effects
@: no status effects
A: no striking features
a: no special abilities


You were on level 1 of the Dungeon.
You visited 1 branch of the dungeon, and saw 1 of its levels.

You collected 39 gold pieces.

Inventory:

Armour
 a - a +0 robe (worn)
Potions
 b - a potion of magic


   Skills:
 + Level 1.9 Dodging
 + Level 1.7 Stealth
 + Level 2.0 Spellcasting
 + Level 1.0 Conjurations
 + Level 2.9 Fire Magic


You had 3 spell levels left.
You knew the following spells:

 Your Spells              Type           Power      Damage    Failure   Level
a - Foxfire               Conj/Fire      28%        2x1d5     10%         1

Your spell library contained the following spells:

 Spells                   Type           Power      Damage    Failure   Level
 Scorch                   Fire           22%        2d6       10%         2
 Inner Flame              Hex/Fire       6%         N/A       34%         3
 Volatile Blastmotes      Fire/Tloc      12%        2d11      34%         3
 Flame Wave               Conj/Fire      7%         2d5       67%         4


Dungeon Overview and Level Annotations

Branches:
Dungeon (1/15)

Altars:


Message History

You closely miss the quokka.
The quokka bites you but does no damage.
You hit the quokka but do no damage. The quokka closely misses you.
The quokka bites you.
You completely miss the quokka. The quokka barely misses you.
You closely miss the quokka. You punch the quokka.
The quokka is lightly wounded.
The quokka barely misses you.
You closely miss the quokka.
The quokka is lightly wounded.
The quokka bites you.
You hit the quokka but do no damage.
The quokka is lightly wounded.
The quokka misses you.
You barely miss the quokka.
The quokka is lightly wounded.
The quokka barely misses you. The quokka bites you.
You hit the quokka but do no damage. The quokka bites you.
You closely miss the quokka. The quokka misses you.
You hit the quokka but do no damage. The quokka bites you.
You hit the quokka.
The quokka is lightly wounded.
The quokka closely misses you.
You barely miss the quokka. You punch the quokka, but do no damage.
The quokka is lightly wounded.
The quokka misses you. The quokka closely misses you.
You hit the quokka but do no damage.
The quokka is lightly wounded.
The quokka bites you.
You hit the quokka but do no damage. Your punch misses the quokka.
The quokka is lightly wounded.
The quokka misses you.
You hit the quokka but do no damage.
The quokka is lightly wounded.
The quokka bites you.
* * * LOW HITPOINT WARNING * * *
You barely miss the quokka.
The quokka is lightly wounded.
The quokka bites you.
You die...

#.# #.# #####.####### #.#
#...........# #.# #.#.##.#####.#
#.# ## ##.#.# # #.# #.# ##..# #.
#.## #.###.#.# ##.# #...
#?r#.##.####...##..#
#@###.....)....... ###
####.##......# ###....# #.#...#
#.##.... .#.#.# ## ##..# ... .#
###############..#
..##.###########.................
........................######..#


You could see a quokka.

Vanquished Creatures
  A goblin (D:1)
  A kobold (D:1)
  2 ball pythons (D:1)
  A rat (D:1)
5 creatures vanquished.

Vanquished Creatures (others)
  5 foxfires (D:1)
5 creatures vanquished.

Grand Total: 10 creatures vanquished

Notes
Turn   | Place    | Note
-------+----------+-------------------------------------------
     0 | D:1      | CaptainMV the Demonspawn Fire Elementalist began the quest
                  | for the Orb.
     0 | D:1      | Reached XP level 1. HP: 13/13 MP: 3/3
   209 | D:1      | Slain by a quokka

Illustrated notes

Levels and vault maps discovered:
D:1:      wander_arrival_desolate, layout_loops_ring,
          ebering_ecumenical_altar_sacrificial

Action                     || total
---------------------------++-------
  Melee: Unarmed           ||    30
         Punch             ||     2
   Cast: Foxfire           ||     4
    Use: Scroll            ||     3
 Armour: Robe              ||     1
  Dodge: Dodged            ||    18
